Map: 로스트 앤 파운드 - 래더

Players

Lambo

  • Race: Zerg Zerg
  • League: Master
  • Spawn Location: 7:00

LiquidTaeJa (TaeJa) - Winner!

  • Race: Terran Terran
  • League: Diamond
  • Spawn Location: 1:00

Event: HomeStory Cup XVIII

VOD

Have the link to the VOD?

Description

Time

  • Played on: Nov. 23, 2018, 4:05 p.m.
  • Length: 14:09

All games in this series

Show
View Real Time Build Order
Export as new Build Order

Lambo Zerg 

Build Orders: Hatch First, Muta Ling Bane 

Get SALT Encoding   

  12  0:00  Drone  
  13  0:12  Overlord  
  13  0:17  Drone  
  14  0:30  Drone x2  
  16  0:46  Hatchery  
  15  0:50  Drone  
  15  0:54  Drone  
  17  0:58  Drone  
  18  1:07  Extractor  
  17  1:11  Spawning Pool  
  17  1:15  Drone  
  17  1:18  Drone  
  18  1:27  Drone  
  19  1:38  Drone  
  20  1:48  Drone  
  21  1:58  Queen x2  
  21  1:59  Zergling x4  
  27  2:16  Hatchery  
  27  2:19  Overlord  
  27  2:21  Drone  
  27  2:23  Drone  
  28  2:39  Queen, Drone x2  
  32  2:45  Drone  
  32  2:49  Metabolic Boost  
  32  2:52  Overlord  
  32  2:55  Drone  
  32  2:57  Drone  
  34  3:03  Drone  
  35  3:11  Drone x2  
  35  3:12  Drone x3  
  40  3:15  Queen  
  40  3:18  Drone  
  43  3:28  Overlord  
  43  3:31  Queen  
  43  3:33  Drone  
  46  3:38  Zergling x6  
  49  3:43  Overlord  
  49  3:46  Queen  
  49  3:48  Zergling x6  
  54  3:49  Drone  
  54  3:52  Drone  
  54  3:53  Drone  
  57  4:04  Drone x2  
  57  4:07  Drone x2  
  57  4:09  Overlord, Drone  
  62  4:10  Queen  
  64  4:19  Overlord  
  64  4:20  Overlord, Evolution Chamber  
  64  4:21  Evolution Chamber  
  62  4:25  Spore Crawler  
  62  4:27  Drone x3  
  64  4:31  Drone  
  64  4:33  Spore Crawler  
  64  4:34  Drone  
  65  4:39  Drone x5  
  65  4:41  Extractor  
  65  4:42  Extractor, Drone  
  65  4:44  Drone  
  70  4:47  Drone x2  
  70  4:51  Drone  
  73  4:53  Overlord, Zergling x2  
  73  4:56  Drone x2  
  76  5:00  Zerg Melee Weapons Level 1  
  76  5:01  Zerg Ground Armor Level 1  
  76  5:07  Drone x3, Spore Crawler  
  75  5:11  Queen  
  80  5:17  Lair  
  80  5:19  Spore Crawler  
  80  5:20  Drone x2  
  80  5:21  Drone x2  
  80  5:25  Drone  
  80  5:27  Drone  
  84  5:30  Extractor  
  84  5:32  Drone x3  
  84  5:34  Baneling Nest  
  86  5:35  Drone x2  
  86  5:36  Drone x2  
  86  5:40  Overlord  
  86  5:41  Overlord  
  89  5:42  Overlord  
  89  5:46  Extractor  
  89  5:47  Extractor, Overlord  
  87  5:50  Drone x2  
  87  5:54  Drone  
  90  6:01  Drone x2  
  90  6:02  Drone  
  90  6:03  Drone x7  
  100  6:14  Hatchery  
  100  6:16  Drone x3  
  100  6:17  Overseer  
  102  6:21  Spire, Centrifical Hooks  
  101  6:26  Zergling x14  
  108  6:39  Zergling x16  
  116  6:43  Overlord  
  116  6:46  Drone  
  117  6:47  Baneling x2  
  117  6:48  Baneling x4  
  117  6:49  Drone  
  117  6:52  Spore Crawler  
  117  6:54  Drone x3  
  120  6:58  Pneumatized Carapace  
  120  6:59  Zerg Melee Weapons Level 2, Zerg Ground Armor Level 2  
  120  7:00  Zergling x2  
  120  7:01  Zergling x2  
  122  7:02  Baneling x4  
  122  7:03  Drone x2  
  122  7:06  Extractor  
  123  7:08  Overlord  
  123  7:11  Extractor  
  123  7:12  Overlord  
  122  7:15  Drone  
  122  7:16  Drone x2  
  122  7:21  Zergling x8  
  129  7:26  Overlord x2, Hatchery  
  121  7:40  Zergling x20  
  115  7:45  Zerg Flyer Weapons Level 1  
  115  7:47  Mutalisk x4  
  115  7:49  Overseer  
  122  7:53  Mutalisk  
  122  7:57  Mutalisk x2  
  122  7:58  Mutalisk  
  128  8:04  Infestation Pit, Zergling x2  
  128  8:05  Zergling x16  
  136  8:06  Baneling x4  
  136  8:08  Drone x2  
  138  8:13  Baneling x3  
  138  8:14  Zergling x4  
  138  8:15  Baneling  
  138  8:16  Baneling  
  138  8:18  Zergling x8, Baneling x2  
  144  8:20  Zergling x2  
  144  8:22  Baneling x3  
  141  8:30  Zergling x18  
  139  8:37  Zergling x6  
  139  8:40  Baneling x11  
  135  8:41  Overlord  
  135  8:43  Baneling  
  135  8:44  Overlord, Baneling x3  
  135  8:47  Mutalisk x2  
  139  8:53  Baneling x5  
  139  8:54  Zergling x16  
  145  8:58  Zergling x8  
  145  9:00  Baneling x5  
  146  9:03  Overseer  
  146  9:06  Zergling x2  
  146  9:07  Zergling x10  
  152  9:15  Zergling x12  
  152  9:20  Zergling x4  
  152  9:22  Mutalisk x2  
  152  9:23  Mutalisk x2  
  148  9:31  Hive  
  148  9:32  Zergling x14  
  148  9:35  Queen  
  148  9:36  Mutalisk  
  159  9:39  Baneling x2  
  159  9:41  Mutalisk x2  
  159  9:45  Baneling x4  
  163  9:48  Zergling x12  
  163  9:52  Mutalisk  
  169  9:57  Zergling x18  
  169  9:58  Baneling  
  169  9:59  Baneling  
  171  10:00  Zergling x2  
  171  10:05  Zergling x14  
  176  10:13  Zergling x12  
  182  10:18  Mutalisk x2  
  182  10:25  Overlord  
  182  10:27  Overlord  
  182  10:35  Zergling x14  
  182  10:41  Zergling x14  
  177  10:45  Zerg Ground Armor Level 3, Zerg Melee Weapons Level 3, Mutalisk  
  177  10:46  Mutalisk  
  177  10:48  Zergling x8, Ultralisk Cavern  
  181  10:51  Baneling x6  
  181  10:53  Zergling x2  
  182  11:00  Zergling x18  
  187  11:05  Zergling x2  
  187  11:10  Baneling x11  
  184  11:14  Baneling x2  
  184  11:15  Zergling x10  
  184  11:18  Overseer  
  187  11:21  Zergling x6  
  187  11:26  Zergling x6  
  187  11:28  Zergling x10  
  187  11:31  Zergling x8  
  143  11:35  Chitinous Plating  
  143  11:38  Ultralisk  
  147  11:42  Ultralisk  
  147  11:43  Zergling x10  
  158  11:48  Baneling x5  
  158  11:49  Zergling x8  
  158  11:51  Overseer x2  
  158  11:52  Baneling x4  
  160  11:54  Baneling x2  
  160  11:55  Baneling x2  
  160  11:56  Zergling x4  
  160  12:01  Zergling x12  
  160  12:07  Zergling x6  
  160  12:08  Zergling x8  
  154  12:11  Zergling x2  
  137  12:15  Zergling x4, Ultralisk  
  137  12:18  Baneling x6  
  137  12:19  Zergling x2  
  140  12:22  Zergling x2  
  140  12:23  Zergling x6  
  140  12:28  Zergling x2  
  133  12:34  Zergling x6  
  113  12:39  Zergling x4  
  113  12:41  Overseer  
  113  12:43  Zergling x4  
  109  12:47  Zergling x4  
  106  12:52  Zergling x18  
  106  12:54  Zergling x2  
  116  12:59  Zergling x4  
  116  13:01  Baneling x8  
  116  13:03  Zergling x4  
  116  13:05  Baneling x6  
  120  13:12  Zergling x2  
  120  13:13  Zergling x2  
  120  13:15  Zergling x2  
  120  13:19  Zergling x2  
  102  13:20  Zergling x4  
  102  13:23  Overseer x2  
  102  13:25  Ultralisk  
  109  13:28  Zergling x2  
  116  13:37  Zergling x2  
  121  13:43  Zergling x2  
  121  13:44  Zergling x8  
  118  13:49  Zergling x8  
Show
View Real Time Build Order
Export as new Build Order

LiquidTaeJa Terran - Winner!

Build Orders: Reaper Expand, Hellion Banshee 

Get SALT Encoding   

  12  0:00  SCV  
  13  0:12  SCV  
  14  0:17  Supply Depot  
  14  0:24  SCV  
  15  0:38  SCV  
  15  0:40  Barracks  
  16  0:44  Refinery  
  16  0:50  SCV  
  17  1:02  SCV  
  18  1:14  SCV  
  19  1:27  Orbital Command  
  19  1:28  Reaper  
  20  1:37  Command Center  
  20  1:46  Supply Depot  
  20  1:52  SCV  
  21  2:00  Marine  
  22  2:04  SCV  
  22  2:07  Factory  
  23  2:15  Refinery  
  23  2:17  SCV  
  23  2:22  Barracks Reactor  
  24  2:29  SCV  
  25  2:41  SCV  
  26  2:50  Orbital Command  
  26  2:53  Starport, SCV  
  27  3:05  SCV  
  28  3:07  Hellion x2  
  28  3:09  Marine  
  33  3:14  Supply Depot  
  33  3:15  SCV  
  33  3:17  SCV  
  35  3:27  SCV  
  35  3:28  Hellion x2  
  35  3:29  SCV, Starport Tech Lab  
  41  3:34  Barracks Tech Lab  
  41  3:39  SCV  
  42  3:41  SCV  
  42  3:46  Cloaking Field  
  42  3:47  Banshee  
  46  3:52  Hellion x2, SCV  
  46  3:53  SCV  
  46  3:55  Supply Depot  
  52  4:00  Stimpack  
  52  4:04  SCV  
  52  4:05  SCV  
  54  4:16  SCV  
  55  4:18  SCV  
  55  4:20  Factory Reactor  
  55  4:21  Command Center  
  56  4:25  Marine  
  56  4:27  Supply Depot  
  56  4:30  Banshee, SCV x2  
  62  4:43  Barracks  
  62  4:44  Barracks  
  62  4:49  Engineering Bay, SCV x2  
  62  4:50  Engineering Bay  
  64  5:00  Marine  
  64  5:01  SCV x2  
  64  5:05  Supply Depot  
  67  5:07  Factory Reactor  
  67  5:13  SCV x2  
  69  5:18  Terran Infantry Weapons Level 1, Terran Infantry Armor Level 1  
  69  5:20  Marine  
  69  5:21  Refinery x2  
  70  5:24  Starport Reactor  
  70  5:27  Supply Depot, SCV x2  
  72  5:32  Marine x2  
  74  5:37  Orbital Command  
  74  5:39  Marine x3  
  74  5:42  SCV x2  
  79  5:50  Marine x2  
  79  5:52  Widow Mine x2  
  79  5:54  SCV  
  79  5:55  SCV  
  79  5:57  Marine x3  
  87  6:01  Combat Shield  
  87  6:03  Orbital Command  
  87  6:06  Barracks x2  
  87  6:08  Marine x2, SCV x2  
  87  6:10  Supply Depot  
  91  6:11  Supply Depot  
  91  6:14  Marine  
  91  6:15  Marine x2  
  91  6:18  Widow Mine x2, Medivac  
  100  6:20  SCV  
  101  6:32  Marine x2, Medivac, SCV x3  
  108  6:40  Armory  
  108  6:44  SCV x2  
  108  6:45  Widow Mine x2  
  108  6:46  Supply Depot x2  
  114  6:48  SCV  
  114  6:51  Medivac  
  114  6:54  Barracks Reactor  
  117  6:55  Barracks Reactor  
  117  7:07  Marine x2, SCV x3  
  117  7:08  Widow Mine x2, Marauder, Medivac  
  130  7:10  Factory  
  130  7:12  Supply Depot, Refinery  
  130  7:15  Supply Depot  
  130  7:22  SCV x2  
  132  7:26  Marine  
  132  7:29  Terran Infantry Weapons Level 2  
  133  7:33  Marine x3  
  133  7:40  Marine  
  133  7:41  Marine, Marauder  
  133  7:42  Widow Mine x2, SCV x2  
  133  7:43  SCV  
  134  7:44  Marine  
  134  7:45  Marine  
  134  7:51  Terran Infantry Armor Level 2  
  136  7:56  Marine x4  
  139  7:58  Marine x2  
  139  7:59  Drilling Claws  
  139  8:02  Marauder  
  139  8:03  Supply Depot  
  139  8:05  Supply Depot  
  142  8:07  Supply Depot  
  142  8:11  Command Center  
  142  8:12  Marine x2  
  144  8:19  Marine x5  
  149  8:25  Marauder  
  148  8:32  Marine x2  
  139  8:37  Marine x2  
  139  8:39  Widow Mine x2, Thor  
  138  8:41  Medivac  
  138  8:46  Missile Turret  
  138  8:47  Marauder  
  142  8:54  Marine x4  
  144  8:59  Terran Vehicle And Ship Armor Level 1  
  144  9:00  Widow Mine x2  
  147  9:03  Barracks x2  
  147  9:06  Barracks  
  147  9:08  Marauder  
  147  9:09  Marine  
  137  9:24  Widow Mine x2, Thor  
  137  9:29  Marauder  
  137  9:30  Marine x6  
  148  9:34  SCV  
  148  9:35  SCV x2  
  151  9:38  Missile Turret  
  151  9:42  Marine x2  
  151  9:44  Medivac x2  
  157  9:47  Marine  
  157  9:49  Terran Infantry Weapons Level 3  
  157  9:51  Marauder  
  157  9:52  Barracks Tech Lab x2  
  160  9:54  Marine x2  
  162  10:00  Planetary Fortress  
  162  10:06  Marine  
  162  10:07  Marine x2, Barracks Tech Lab  
  161  10:12  Marauder  
  161  10:13  Widow Mine x2  
  168  10:18  Marine x3  
  169  10:22  Marauder x2, Marine x2, Refinery  
  169  10:24  Supply Depot  
  169  10:27  Marauder  
  177  10:31  Widow Mine, Unknown x2  
  177  10:34  Widow Mine  
  177  10:35  Widow Mine  
  170  10:44  Marine x8  
  170  10:46  Terran Infantry Armor Level 3  
  178  10:50  Marine x2, Marauder  
  178  10:51  Marine  
  178  10:55  Medivac x2  
  187  11:01  Marine  
  187  11:02  Marine x2, Command Center  
  187  11:03  Marine  
  187  11:04  Marine x2, Concussive Shells  
  187  11:06  Marine  
  187  11:07  Marine  
  187  11:08  Marauder x2  
  187  11:09  Marine  
  196  11:26  Marine x4, Marauder  
  196  11:27  Marine x4  
  196  11:28  Marauder  
  196  11:29  Marauder  
  196  11:30  Marauder  
  170  11:36  Widow Mine x2, Thor  
  170  11:38  Terran Vehicle And Ship Armor Level 2  
  178  11:43  Marine, Medivac  
  178  11:44  Marine x3  
  178  11:45  Marine x3  
  187  11:49  Marine x2  
  189  11:57  Widow Mine x2  
  189  11:58  Marine, Marauder  
  196  12:03  Marine x2  
  196  12:08  Marauder  
  180  12:11  Marine x3  
  180  12:13  Medivac x2  
  180  12:14  Marine x3  
  173  12:16  Marauder  
  173  12:17  Marine  
  173  12:19  Widow Mine x2  
  173  12:20  Widow Mine, Marauder  
  173  12:21  Marine, Marauder  
  187  12:28  Marine  
  187  12:29  Marine x2, Marauder  
  189  12:32  Marine x3  
  189  12:34  Unknown x7  
  189  12:35  Marine  
  178  12:38  Marauder, Marine  
  178  12:40  Widow Mine  
  178  12:41  Marauder  
  178  12:43  Marauder  
  178  12:46  Marine  
  178  12:47  Marine x2  
  178  12:49  Marine x2  
  178  12:51  Marauder  
  175  12:56  Marine x2  
  174  12:59  Marauder  
  174  13:03  Marine x2, Marauder  
  180  13:09  Medivac x2  
  180  13:11  Widow Mine x3  
  190  13:17  Marine x2  
  190  13:18  Marauder  
  177  13:20  Marauder  
  177  13:21  Planetary Fortress, Marine x2  
  177  13:22  Marauder  
  182  13:32  Marauder  
  184  13:36  Widow Mine  
  184  13:37  Barracks  
  184  13:39  Marauder  
  188  13:41  Barracks  
  188  13:42  Marauder  
  188  13:45  Marine  
  188  13:46  Marine, Marauder, Unknown  
  188  13:47  Marine x2, Unknown  
Tags
 
Add a new tag
Caveats
  • Supply blocks, unpowered buildings, or Contaminate may cause inaccurate times.
  • Supply counts are checked every 10 seconds.